 Dungeon Crawl Stone Soup version 0.17.1-3-g152610e (webtiles) character file.

668 kaze the Shield-Bearer (level 7, -5/61 HPs)
             Began as a Hill Orc Fighter on Apr 13, 2016.
             Was a Follower of Trog.
             Slain by an ogre
             ... wielding a +0 giant spiked club
              (12 damage)
             ... on level 5 of the Dungeon.
             The game lasted 00:06:11 (3762 turns).

kaze the Shield-Bearer (Hill Orc Fighter)           Turns: 3762, Time: 00:06:11

Health: -5/61      AC:  9    Str: 21    XL:     7   Next: 58%
Magic:  7/7        EV:  4    Int:  8    God:    Trog [*.....]
Gold:   193        SH: 15    Dex: 10    Spells: 0 memorised, 6 levels left

rFire  . . .     SeeInvis .     a - +0 war axe
rCold  . . .     Clarity  .     k - +0 chain mail
rNeg   . . .     SustAt   .     y - +0 large shield
rPois  .         Gourm    .     (no helmet)
rElec  .         Spirit   .     (no cloak)
rCorr  .         Warding  .     (no gloves)
rMut   .         Stasis   .     (no boots)
MR     .....                    (no amulet)
Stlth  ..........               (no ring)
                                (no ring)

@: lethally poisoned (-5 -> -7), exhausted, slowed, very slow, not resistant to
hostile enchantments, extremely unstealthy
A: no striking features
a: Berserk, Burn Spellbooks, Renounce Religion


You were on level 5 of the Dungeon.
You worshipped Trog.
Trog was aware of your devotion.
You were not hungry.

You visited 1 branch of the dungeon, and saw 5 of its levels.

You collected 193 gold pieces.

Inventory:

Hand Weapons
 a - a +0 war axe (weapon)
Armour
 b - a +0 scale mail
 k - a +0 chain mail (worn)
 y - a +0 large shield (worn)
Wands
 n - a wand of polymorph (8)
 o - a wand of frost (18)
 w - a wand of magic darts (19)
Scrolls
 i - 2 scrolls of remove curse
 p - a scroll of noise
 s - a scroll of teleportation
 u - 3 scrolls of identify
Potions
 d - 2 potions of might
 f - 2 potions of ambrosia
 g - 2 potions of curing
 h - a potion of degeneration {unknown}
 l - 2 potions of agility {unknown}
 m - a potion of magic {unknown}
 q - 2 potions of heal wounds {unknown}
 r - a potion of poison {unknown}
 v - a potion of flight {unknown}
 x - a potion of cancellation {unknown}
 A - 2 potions of lignification {unknown}
Comestibles
 e - 2 bread rations
 j - 3 beef jerkies
 t - a royal jelly


   Skills:
 + Level 5.3 Fighting
 + Level 5.2 Axes
 + Level 5.0 Armour
 + Level 1.9 Dodging
 + Level 6.1 Shields


You had 6 spell levels left.
You didn't know any spells.

Dungeon Overview and Level Annotations

Branches:
Dungeon (5/15)             Temple (0/1) D:4

Altars:
Trog


Message History

You feel yourself slow down. You block the scorpion's attack.
You hit the scorpion.
The scorpion is lightly wounded.
The scorpion barely misses you. The scorpion stings you.
* * * LOW HITPOINT WARNING * * *
You are poisoned.
The scorpion poisons you!
You slash the scorpion!
The scorpion is severely wounded.
You feel sick. You block the scorpion's attack.
You block the scorpion's attack.
You slash the scorpion!
You kill the scorpion!
Trog accepts your kill.
Your Armour skill increases to level 5!
The kobold throws a stone.
You block the stone. You block the ogre's attack.
Your chain mail prevents you from hitting the ogre.
You feel sick.
The ogre hits you with a giant spiked club!
You die...

≈≈≈≈≈≈≈≈≈≈.....≈≈≈≈≈≈≈≈≈≈≈
≈≈≈≈≈≈≈≈≈≈..?..≈≈≈≈≈≈≈≈≈≈≈
≈≈≈≈≈≈≈≈≈≈≈l....≈≈≈≈≈≈≈≈≈≈
.≈≈.≈≈.≈K.≈....≈≈≈≈.≈≈≈≈.≈
.......K.K(.... ..........
............... ..........
#..# .##.##..#
##.K######...# #..[.##
#.KKO@......# #.####
(.....#K######.## #.#
#######.# #.# #.# #.# #.#
#.#####.##### #)#
#...........# #.#
#######.##### #.# #.#
#.#### #.#


You could see an ogre and 4 kobolds.

Vanquished Creatures
  An ogre (D:5)
  2 scorpions
  The ghost of Tobisume the Chopper, a weakling DsFi (D:3)
  3 hounds
  An iguana (D:5)
  4 orc wizards
  Robin (D:4)
  9 adders
  An ooze (D:1)
  An adder zombie (D:5)
  An adder skeleton (D:4)
  5 giant geckos
  12 orcs
  6 hobgoblins
  9 jackals
  10 kobolds
  A ball python (D:3)
  8 bats
  7 giant cockroaches
  A giant gecko skeleton (D:4)
  3 giant newts
  15 goblins
  8 rats
110 creatures vanquished.

Notes
Turn   | Place    | Note
--------------------------------------------------------------
     0 | D:1      | kaze the Hill Orc Fighter began the quest for the Orb.
     0 | D:1      | Reached XP level 1. HP: 19/19 MP: 1/1
    60 | D:1      | Reached XP level 2. HP: 17/27 MP: 2/2
   395 | D:1      | Reached XP level 3. HP: 30/33 MP: 3/3
   700 | D:2      | Reached skill level 4 in Fighting
   819 | D:2      | Found a faded altar to an unknown god.
   973 | D:3      | Reached XP level 4. HP: 33/40 MP: 4/4
  1359 | D:3      | Reached skill level 1 in Dodging
  1423 | D:3      | Reached XP level 5. HP: 28/47 MP: 5/5
  1458 | D:3      | Noticed Tobisume's ghost (weakling DsFi)
  1470 | D:3      | Killed Tobisume's ghost
  1608 | D:3      | Reached XP level 6. HP: 39/53 MP: 6/6
  1608 | D:3      | Reached skill level 5 in Shields
  1798 | D:3      | Found a bloodstained altar of Trog.
  1853 | D:3      | Became a worshipper of Trog the Wrathful
  2470 | D:4      | Reached * piety under Trog
  2472 | D:4      | Noticed Robin
  2479 | D:4      | Killed Robin
  2728 | D:4      | Found a staircase to the Ecumenical Temple.
  2927 | D:5      | Entered Level 5 of the Dungeon
  2930 | D:5      | Reached skill level 5 in Fighting
  2930 | D:5      | Reached skill level 5 in Axes
  2930 | D:5      | Reached XP level 7. HP: 59/61 MP: 7/7
  3214 | D:5      | Reached skill level 6 in Shields
  3761 | D:5      | Reached skill level 5 in Armour
  3762 | D:5      | Slain by an ogre

Action                   |  1- 3 |  4- 6 |  7- 9 || total
-------------------------+-------+-------+-------++-------
Melee: War axe           |   128 |   237 |    56 ||   421
Invok: Berserk           |       |     2 |     1 ||     3
       Burn Spellbooks   |       |       |     1 ||     1
  Use: Scroll            |     4 |     4 |       ||     8
       Potion            |       |     1 |       ||     1
  Eat: Bread ration      |     1 |     1 |     1 ||     3
       Chunk             |       |     1 |       ||     1
